 Dungeon Crawl Stone Soup version 0.30.1-4-g462c640d31 (webtiles) character file.

Game seed: 11158950417693779111

277 MiracleSuffusion the Cutter (level 6, 46/47 HPs)
             Began as a Demonspawn Chaos Knight on July 19, 2023.
             Was a Plaything of Xom.
             Quit the game on level 3 of the Dungeon on Sept 15, 2023.
             The game lasted 00:22:41 (3343 turns).

MiracleSuffusion the Cutter (DsCK)                  Turns: 3343, Time: 00:22:42

Health: 46/47      AC: 11    Str: 14    XL:     6   Next: 4%
Magic:  6/6        EV: 11    Int: 13    God:    Xom [.....*]
Gold:   147        SH:  0    Dex: 16    Spells: 5/5 levels left

rFire   . . .        a - +0 short sword (chaos)
rCold   . . .        (no shield)
rNeg    . . .        b - +3 leather armour
rPois   .            (no helmet)
rElec   .            (no cloak)
rCorr   .            e - +2 pair of gloves {Dex+3}
SInv    .            (no boots)
Will    .....        (no amulet)
Stlth   +            (no ring)
HPRegen 0.27/turn    (no ring)
MPRegen 0.10/turn

%: no passive effects
@: mighty
A: slimy green scales 1, demonic guardian 2, powered by death 1
a: Renounce Religion


You were on level 3 of the Dungeon.
You worshipped Xom.
You were Xom's teddy bear.
You visited 1 branch of the dungeon, and saw 4 of its levels.

You collected 147 gold pieces.

Inventory:

Hand Weapons
 a - a +0 short sword of chaos (weapon)
 o - a +0 trident of chaos
Missiles
 l - 7 stones
Armour
 b - a +3 leather armour (worn)
 e - a +2 pair of gloves of dexterity (worn)
 p - a +0 plate armour
Jewellery
 g - a +4 ring of protection
Wands
 i - a wand of charming (6)
Scrolls
 r - a scroll of poison
 t - 2 scrolls of enchant armour
Potions
 d - 4 potions of lignification
 f - a potion of mutation
 h - 2 potions of curing
 j - a potion of attraction
 k - a potion of cancellation
 m - a potion of invisibility
 n - a potion of ambrosia {unknown}
 s - a potion of might
 v - a potion of berserk rage
 w - a potion of magic
Miscellaneous
 c - a piece from Xom's chessboard (15/15) (quivered)


   Skills:
 - Level 3.0 Fighting
 * Level 6.2 Short Blades
 - Level 1.7 Armour
 - Level 0.8 Dodging


You had 5 spell levels left.
You didn't know any spells.
Your spell library contained the following spells:

 Spells                   Type           Power      Damage    Failure   Level
 Sandblast                Erth           0%         2d4       36%         1
 Blink                    Tloc           0%         N/A       50%         2
 Ensorcelled Hibernation  Hex/Ice        0%         N/A       50%         2
 Passwall                 Tmut/Erth      0%         N/A       50%         2
 Dazzling Flash           Conj/Hex       0%         N/A       75%         3
 Inner Flame              Hex/Fire       0%         N/A       75%         3
 Stone Arrow              Conj/Erth      0%         3d7       75%         3
 Swiftness                Air            0%         N/A       75%         3
 Manifold Assault         Tloc           0%         N/A       98%         4
 Agony                    Necr           0%         N/A       100%        5
 Silence                  Hex/Air        0%         N/A       100%        5
 Yara's Violent Unravell  Hex/Tmut       0%         3d3       100%        5
 Enfeeble                 Hex            0%         N/A       100%        7
 Storm Form               Tmut/Air       0%         N/A       100%        7


Dungeon Overview and Level Annotations

Branches:
Dungeon (4/15)             Temple (0/1) D:4

Altars:
Cheibriados

Annotations:
D:4 Edmund


Innate Abilities, Weirdness & Mutations

You are partially covered in slimy green scales. (AC +2)
A demonic guardian rushes to your aid.
You regenerate a little health from kills.


Message History

Okay, then.
You feel very mighty all of a sudden.
Xom adds some personal touches to your environment.
Menkaure hits you!
The kobold hits your butterfly with a +0 short sword.
Your butterfly dies!
Your butterfly disappears in a puff of smoke!
You barely miss Menkaure. Menkaure hits you but does no damage.
You puncture Menkaure!
Menkaure convulses!
You destroy Menkaure!
Your piece from Xom's chessboard (15/15) has regained three charges.
Your Short Blades skill increases to level 6!
You have reached level 6!
You closely miss the kobold. You puncture the kobold!
You kill the kobold!
You swap places.
Your butterfly disappears in a puff of smoke!
There is a stone staircase leading up here.
You climb upwards.
There is a stone staircase leading down here.
Save game and exit?
Welcome back, MiracleSuffusion the Demonspawn Chaos Knight.
Xom snickers.
Press ? for a list of commands and other information.
Unknown command.
Save game and exit?
Okay, then.
You don't know any spells.
You are a level 6 Demonspawn Chaos Knight.
You are 4% of the way to level 7.
Play time: 00:22:01 (3343 turns).
Zot will find you in 20702 turns if you stay in this branch and explore no new floors.
There's nothing to open nearby.
Okay, then.
You don't know any spells.
There's nothing to close nearby.
Okay, then.
You aren't wearing any rings or amulets.
Okay, then.
Are you sure you want to abandon this character and quit the game? (Confirm with "yes".)

##....##'###
##...............
#....##.###
#................
########...##
#.#..............
............##
#.#######........
#########.#..####.#
#########
#.##......# #
#.#####..## #
######'#####..# #
#.........##.@# #
#.........###.# #
#.........###.# #
####.............#
#
...'.............#
#
.###.......)....##
# .# #............#
# .# ####'#.##....#
# .# #.#.......# #


There were no monsters in sight!

Vanquished Creatures
  Menkaure (D:4)
  Jessica (D:3)
  4 adders
  A gnoll (D:3)
  A worm (D:3)
  5 orcs (D:3)
  7 ball pythons
  5 bats
  6 endoplasms
  5 giant cockroaches
  3 goblins
  5 hobgoblins
  4 jackals (D:2)
  6 kobolds
  4 quokkas
  3 frilled lizards
  10 rats
71 creatures vanquished.

Vanquished Creatures (collateral kills)
  An adder (D:2)
  A rat (D:2)
2 creatures vanquished.

Grand Total: 73 creatures vanquished

Notes
Turn   | Place    | Note
-------+----------+-------------------------------------------
     0 | D:1      | MiracleSuffusion the Demonspawn Chaos Knight began the
                  | quest for the Orb.
     0 | D:1      | Reached XP level 1. HP: 18/18 MP: 1/1
    86 | D:1      | Found a faded altar of an unknown god.
   144 | D:1      | Reached skill level 3 in Short Blades
   155 | D:1      | You fall into a shaft and drop 1 floor!
   212 | D:2      | Gained mutation: You are partially covered in slimy green
                  | scales. (AC +2) [demonic ancestry]
   212 | D:2      | Reached XP level 2. HP: 24/24 MP: 2/2
   411 | D:1      | XOM: silly message
   593 | D:1      | XOM: silly message
   633 | D:1      | Gained mutation: A weak demonic guardian rushes to your
                  | aid. [demonic ancestry]
   633 | D:1      | Reached XP level 3. HP: 27/29 MP: 3/3
  1002 | D:1      | Reached skill level 4 in Short Blades
  1186 | D:2      | XOM: noise
  1354 | D:2      | XOM: 3-stop teleportation journey
  1860 | D:2      | Gained mutation: You regenerate a little health from kills.
                  | [demonic ancestry]
  1860 | D:2      | Reached XP level 4. HP: 35/35 MP: 4/4
  2327 | D:3      | Noticed Jessica
  2333 | D:3      | Killed Jessica
  2334 | D:3      | Reached skill level 5 in Short Blades
  2445 | D:3      | XOM: confusion
  2517 | D:3      | Gained mutation: A demonic guardian rushes to your aid.
                  | [demonic ancestry]
  2517 | D:3      | Reached XP level 5. HP: 40/41 MP: 5/5
  2986 | D:4      | Noticed Menkaure
  2986 | D:4      | Noticed Edmund
  3022 | D:3      | XOM: god gift: murky orange potion {god gift}
  3160 | D:4      | Found a snail-covered altar of Cheibriados.
  3213 | D:4      | XOM: god gift: glowing trident {god gift}
  3300 | D:4      | XOM: divination: magic mapping
  3310 | D:4      | XOM: scenery: summon butterflies
  3312 | D:4      | Killed Menkaure
  3313 | D:4      | Reached skill level 6 in Short Blades
  3313 | D:4      | Reached XP level 6. HP: 36/47 MP: 6/6
  3343 | D:3      | Upgraded the game from 0.30.1-3-gfc49f6343a to
                  | 0.30.1-4-g462c640d31
  3343 | D:3      | Quit the game

Illustrated notes

Levels and vault maps discovered:
D:1:      dpeg_arrival_subterranean_lakeside_camping, layout_loops_corners,
          hellmonk_ecumenical_altar_lost_god, st_stairs_9,
          chequers_serial_rivers_micro_c
D:2:      minmay_chambers_of_twos, layout_basic, minmay_misc_feat_alley,
          minivault_14
D:3:      layout_basic, uniq_jessica
D:4:      minmay_diamond_boxcup, layout_cave_pods,
          nicolae_dithmenos_the_darkroom, mainiacjoe_overflow_big_doors,
          minmay_temple_entry_waves, kennysheep_minor_cross, uniq_menkaure,
          uniq_natasha, uniq_blork_the_orc, uniq_edmund

Skill      XL: |  1  2  3  4  5 |
---------------+----------------+-----
Short Blades   | 3 4 5 6 |  6.2
Fighting       | |  3.0
Armour         | |  1.7
Dodging        | |  0.8

Action                     |  1- 3 |  4- 6 || total
---------------------------+-------+-------++-------
  Melee: Short sword       |   153 |   108 ||   261
         Punch             |     2 |     1 ||     3
  Evoke: Piece from Xom's  |       |     4 ||     4
    Use: Scroll            |     9 |     9 ||    18
         Potion            |       |     2 ||     2
   Stab: Sleeping          |     1 |     1 ||     2
 Armour: Leather armour    |    46 |    25 ||    71
  Dodge: Dodged            |    87 |    41 ||   128
